 Dungeon Crawl Stone Soup version 0.30-b1-2-g02819fbbbe (webtiles) character file.

Game seed: 4883601066208346220

59 Mesmaeker13 the Firebug (level 3, 0/26 HPs)
             Began as a Demigod Fire Elementalist on June 30, 2023.
             Slain by a ball python (1 damage)
             ... on level 2 of the Dungeon.
             The game lasted 00:01:32 (2117 turns).

Mesmaeker13 the Firebug (Demigod Fire Elementalist) Turns: 2117, Time: 00:01:33

Health: 0/26       AC:  2    Str:  9    XL:     3   Next: 54%
Magic:  3/9        EV: 12    Int: 21    God:
Gold:   122        SH:  0    Dex: 14    Spells: 3/6 levels left

rFire   . . .        d - +1 dagger (venom)
rCold   . . .        (no shield)
rNeg    . . .        a - +0 robe
rPois   .            (no helmet)
rElec   .            (no cloak)
rCorr   .            (no gloves)
SInv    .            (no boots)
Will    .....        (no amulet)
Stlth   ++           (no ring)
HPRegen 0.24/turn    (no ring)
MPRegen 0.11/turn

%: no passive effects
@: no status effects
A: high MP 1, forlorn, divine attributes
a: no special abilities


You were on level 2 of the Dungeon.
You visited 1 branch of the dungeon, and saw 3 of its levels.

You collected 122 gold pieces.

Inventory:

Hand Weapons
 d - a +1 dagger of venom (weapon)
Missiles
 h - 3 poisoned darts (quivered)
Armour
 a - a +0 robe (worn)
Scrolls
 c - 2 scrolls of identify {unknown}
 f - a scroll of amnesia {unknown}
 g - 3 scrolls of teleportation {unknown}
Potions
 b - a potion of magic
 e - a potion of brilliance {unknown}
 i - a potion of curing
 j - 2 potions of degeneration {unknown}
 k - a potion of berserk rage {unknown}


   Skills:
 - Level 1.7 Dodging
 - Level 1.7 Stealth
 + Level 2.4 Spellcasting
 + Level 2.0 Conjurations
 + Level 3.3 Fire Magic


You had 3 spell levels left.
You knew the following spells:

 Your Spells              Type           Power      Damage    Failure   Level
a - Foxfire               Conj/Fire      52%        2x1d6     4%          1
b - Scorch                Fire           32%        2d6       5%          2

Your spell library contained the following spells:

 Spells                   Type           Power      Damage    Failure   Level
 Inner Flame              Hex/Fire       9%         N/A       22%         3
 Volatile Blastmotes      Fire/Tloc      18%        2d11      22%         3
 Flame Wave               Conj/Fire      13%        2d6       43%         4


Dungeon Overview and Level Annotations

Branches:
Dungeon (3/15)

Annotations:
D:2 Ijyb


Innate Abilities, Weirdness & Mutations

You have an increased reservoir of magic. (+10% MP)
You shall have no god before yourself.
Your divine heritage dramatically boosts your attributes as you level up.


Message History

Press: ? - help, Q - select action, (/) - cycle Shift-Dir - straight line, f - Ijyb
Aim: Ijyb, wielding a +0 dagger, wearing a +0 chain mail and carrying a wand of roots (11) (heavily wounded, more vulnerable to fire, 57% to hit)
You throw a poisoned dart. The poisoned dart barely misses Ijyb.
Ijyb hits you but does no damage. The grasping roots constrict you.
Throw: 4 darts (poison)
Press: ? - help, Q - select action, (/) - cycle Shift-Dir - straight line, f/p - Ijyb
Aim: Ijyb, wielding a +0 dagger, wearing a +0 chain mail and carrying a wand of roots (11) (heavily wounded, more vulnerable to fire, 57% to hit)
You throw a poisoned dart. The poisoned dart hits Ijyb.
Ijyb is heavily wounded.
The ball python barely misses you. Ijyb hits you with a +0 dagger.
The grasping roots constrict you.
The grasping roots release their grip on you.
The ogre attacks as you move away! The ogre misses you.
The ball python barely misses you. The ball python grabs you.
The ball python constricts you. Ijyb hits you with a +0 dagger.
* * * LOW HITPOINT WARNING * * *
You escape the ball python's grasp.
There is a stone staircase leading up here.
The ball python barely misses you. The ball python grabs you.
You stop ascending the stairs.
The ball python constricts you. Ijyb hits you with a +0 dagger.
* * * LOW HITPOINT WARNING * * *
Unknown command.
You escape the ball python's grasp.
Ijyb hits you with a +0 dagger.
* * * LOW HITPOINT WARNING * * *
You climb upwards.
There is a stone staircase leading down here.
Unknown command.
The ball python barely misses you. The ball python closely misses you.
The ball python attacks as you move away!
The ball python closely misses you.
Ijyb is no longer more vulnerable to fire.
The ball python attacks as you move away!
The ball python bites you.
* * * LOW HITPOINT WARNING * * *
You closely miss the ball python. The ball python bites you.
* * * LOW HITPOINT WARNING * * *
The ball python barely misses you.
You barely miss the ball python. The ball python bites you.
You die...

.# #........##.#..<....##
.# #.†#####.##.#......##
.######..# #.##.#.#....#
......>..# #...........#
###### ...#####.#
####.#.####.# #.....
.<.......########.#.# #.#
#.####
##.#####............# #.#
#.# #.# #.#######.#### #.#
#.# #.# #.# #@# #.# #.#
#.# #.# #S# #.# #†#
##.#####.# #g# #.# #.####
.#.....#.## #.# #.# #.....
......>...######>##### #.#
######
.####.#.#............###.#
.# #.....##########.##..#
### .## ####.## #.##.##
#.. ..######.# #.##.# #.#


You could see Ijyb and a ball python.

Vanquished Creatures
  2 adders (D:2)
  2 worms (D:2)
  A dart slug (D:1)
  4 ball pythons
  2 endoplasms (D:1)
  3 giant cockroaches
  3 goblins (D:1)
  4 hobgoblins
  A quokka (D:1)
  2 bats (D:1)
  3 frilled lizards
  3 kobolds (D:1)
  4 rats
34 creatures vanquished.

Vanquished Creatures (others)
  105 foxfires
105 creatures vanquished.

Grand Total: 139 creatures vanquished

Notes
Turn   | Place    | Note
-------+----------+-------------------------------------------
     0 | D:1      | Mesmaeker13 the Demigod Fire Elementalist began the quest
                  | for the Orb.
     0 | D:1      | Reached XP level 1. HP: 14/14 MP: 5/5
    42 | D:1      | Reached skill level 1 in Conjurations
   289 | D:1      | Reached XP level 2. HP: 20/20 MP: 4/7
   447 | D:1      | Reached skill level 3 in Fire Magic
  1313 | D:2      | Reached XP level 3. HP: 26/26 MP: 3/9
  1499 | D:2      | Learned a level 2 spell: Scorch
  2070 | D:3      | Noticed Ijyb
  2090 | D:3      | Noticed an ogre
  2115 | D:2      | HP: 1/26 [ball python (3)]
  2117 | D:2      | Slain by a ball python

Illustrated notes

Levels and vault maps discovered:
D:1:      dpeg_arrival_court, layout_basic, minmay_misc_feat_more_columns
D:2:      layout_loops_ring, basic_altar, lightli_corner_chamber
D:3:      layout_rooms, amcnicky_altar_gilded, xom_redecorated,
          kennysheep_big_empty_room, uniq_crazy_yiuf_cottage, uniq_ijyb,
          uniq_natasha

Skill      XL: |  1  2  3 |
---------------+----------+-----
Conjurations   | 1 2 |  2.0
Spellcasting   | 2 |  2.4
Fire Magic     | 3 |  3.3
Dodging        | |  1.7
Stealth        | |  1.7

Action                     || total
---------------------------++-------
  Melee: Dagger            ||     2
  Throw: Dart              ||     2
   Cast: Foxfire           ||    68
         Scorch            ||     4
    Use: Potion            ||     1
 Armour: Robe              ||     3
  Dodge: Dodged            ||    17
